 Dungeon Crawl Stone Soup version 0.29.1-2-gbd0b4ee654 (webtiles) character file.

Game seed: 16535278325595013615

75 Icepheonix32 the Ruffian (level 3, 0/28 HPs)
             Began as a Demigod Transmuter on Nov 9, 2022.
             Killed from afar by an orc wizard (4 damage)
             ... with a puff of flame
             ... on level 3 of the Dungeon.
             The game lasted 00:03:33 (3478 turns).

Icepheonix32 the Ruffian (Demigod Transmuter)       Turns: 3478, Time: 00:03:34

Health: 0/28       AC:  2    Str: 15    XL:     3   Next: 88%
Magic:  9/9        EV: 12    Int: 15    God:
Gold:   82         SH:  0    Dex: 14    Spells: 0/6 levels left

rFire   . . .      SeeInvis .     - Unarmed
rCold   . . .      Faith    .   (no shield)
rNeg    . . .      Spirit   .   a - +0 robe
rPois   .          Reflect  .   (helmet currently unavailable)
rElec   .          Harm     .   (no cloak)
rCorr   .          Rampage  .   (no gloves)
Will    .....                   (boots currently unavailable)
Stlth   +.........              (no amulet)
HPRegen 0.09/turn               (no ring)
MPRegen 0.11/turn               (no ring)

@: confused, appendages (expiring)
A: horns 2, talons 2, high MP 1, forlorn, divine attributes
a: End Transformation


You were on level 3 of the Dungeon.
You had temporarily grown beastly horns and talons.
You visited 1 branch of the dungeon, and saw 3 of its levels.

You collected 82 gold pieces.

Inventory:

Missiles
 e - a throwing net
 p - a silver boomerang
Armour
 a - a +0 robe (worn)
 g - a +0 helmet
Wands
 j - a wand of digging (6)
 l - a wand of polymorph (15)
Scrolls
 d - a scroll of immolation
 h - 2 scrolls of teleportation {unknown}
 i - 2 scrolls of identify {unknown}
 k - a scroll of summoning {unknown}
 o - a scroll of enchant armour {unknown}
Potions
 b - 3 potions of lignification
 c - a potion of curing {unknown}
 f - 2 potions of attraction {unknown}
 m - 2 potions of ambrosia {unknown}
 n - a potion of heal wounds {unknown}
 q - a potion of might {unknown}
 r - a potion of flight {unknown}


   Skills:
 - Level 1.0 Fighting
 + Level 2.1 Dodging
 - Level 3.3 Unarmed Combat
 + Level 2.3 Spellcasting
 * Level 2.6 Transmutations
 * Level 0.1 Poison Magic


You couldn't memorise any spells.
You knew the following spells:

 Your Spells              Type           Power      Damage    Failure   Level
a - Beastly Appendage     Tmut           18%        N/A       8%          1
b - Spider Form           Tmut/Pois      5%         N/A       36%         3
c - Wereblood             Tmut           9%         N/A       11%         2

Your spell library contained the following spells:

 Spells                   Type           Power      Damage    Failure   Level
 Passwall                 Tmut/Erth      4%         N/A       19%         2
 Ensorcelled Hibernation  Hex/Ice        2%         N/A       32%         2
 Gell's Gravitas          Tloc           1%         N/A       54%         3
 Lesser Beckoning         Tloc           1%         N/A       54%         3
 Swiftness                Air            1%         N/A       54%         3
 Teleport Other           Tloc           1%         N/A       54%         3
 Ice Form                 Ice/Tmut       5%         N/A       77%         4


Dungeon Overview and Level Annotations

Branches:
Dungeon (3/15)


Innate Abilities, Weirdness & Mutations

You have temporarily grown beastly horns and talons.
You have an increased reservoir of magic. (+10% MP)
You shall have no god before yourself.
Your divine heritage dramatically boosts your attributes as you level up.


Message History

You hit the orc wizard. You claw the orc wizard.
The orc wizard is almost dead.
Your transformation is almost over.
The orc wizard gestures at you while chanting.
You are confused.
You are too confused!
You are too confused!
You are too confused!
You are too confused!
You are too confused!
You are too confused!
You are too confused!
You are too confused!
You are too confused!
You are too confused!
You are too confused!
There are monsters nearby!
You're too confused to cast spells.
Unknown command.
You hit the orc wizard but do no damage.
Your kick misses the orc wizard.
The orc wizard is almost dead.
The orc wizard misses you.
Unknown command.
You bump into the rock wall.
The orc wizard casts a spell.
The orc wizard flickers and vanishes!
Deactivating autopickup; reactivate with Ctrl-A.
You bump into the rock wall.
You hear some strange, mumbled words.
A puff of flame appears from out of thin air!
The puff of flame hits you!
* * * LOW HITPOINT WARNING * * *
You bump into the rock wall.
Something hits you.
* * * LOW HITPOINT WARNING * * *
You completely miss something. Your headbutt misses something.
You hear some strange, mumbled words.
A puff of flame appears from out of thin air!
The puff of flame hits you.
You die...

##..#........##..
##.#........##..
#.#........##..
######...#.#........
.........#.#..###†).
#######....#..###.#'
...........#......#.
...##########..#........
#...o{@................
#########.......#......
#.#####.#...... #.#
#.####### #.# #..# ..#
#..# .## #..###### ..
#........ #. #........


You could see an orc.

Vanquished Creatures
  An adder (D:2)
  2 worms (D:2)
  2 dart slugs
  6 orcs (D:3)
  3 endoplasms
  5 goblins
  3 hobgoblins
  A quokka (D:1)
  8 ball pythons
  7 bats
  6 frilled lizards
  4 kobolds
  6 rats
54 creatures vanquished.

Notes
Turn   | Place    | Note
-------+----------+-------------------------------------------
     0 | D:1      | Icepheonix32 the Demigod Transmuter began the quest for the
                  | Orb.
     0 | D:1      | Reached XP level 1. HP: 15/15 MP: 5/5
   621 | D:1      | Reached skill level 3 in Unarmed Combat
   621 | D:1      | Reached XP level 2. HP: 11/22 MP: 7/7
  1242 | D:1      | You fall into a shaft and drop 1 floor!
  1483 | D:2      | Reached skill level 1 in Fighting
  1803 | D:2      | Reached XP level 3. HP: 28/28 MP: 6/8
  1807 | D:2      | Learned a level 3 spell: Spider Form
  1810 | D:2      | Learned a level 2 spell: Wereblood
  3478 | D:3      | Killed from afar by an orc wizard

Illustrated notes

Levels and vault maps discovered:
D:1:      mushboom_english_gardens, layout_loops_ring,
          hellmonk_ecumenical_altar_blasted
D:2:      layout_basic, basic_altar, minivault_23, nicolae_eternal_life
D:3:      layout_basic, serial_shops, nicolae_shop_advertising_works
          [nicolae_subvault_shop_adworks]

Skill      XL: |  1  2  3 |
---------------+----------+-----
Spellcasting   | 2 |  2.3
Unarmed Combat | 3 |  3.3
Fighting       | 1 |  1.0
Transmutations | 2 |  2.6
Dodging        | 2 |  2.1
Poison Magic   | |  0.1

Action                   || total
-------------------------++-------
Melee: Unarmed           ||   141
       Kick              ||    27
       Headbutt          ||    15
       Punch             ||     3
 Cast: Beastly Appendage ||    34
       Wereblood         ||     1
 Stab: Sleeping          ||     3
       Distracted        ||     1
Armor: Robe              ||    22
Dodge: Dodged            ||    94
